 Dungeon Crawl Stone Soup version 0.29.0-15-g675c0067aa (webtiles) character file.

Game seed: 12741487642145875369

106863 qw the Warrior (level 15, -9/147 HPs)
             Began as a Minotaur Berserker on Sept 12, 2022.
             Was a High Priest of Trog.
             Mangled by a cyclops (20 damage)
             ... on level 2 of the Orcish Mines.
             The game lasted 00:11:00 (31063 turns).

qw the Warrior (Minotaur Berserker)                Turns: 31063, Time: 00:11:00

Health: -9/147     AC: 29    Str: 29    XL:     15   Next: 98%
Magic:  14/14      EV:  9    Int:  8    God:    Trog [*****.]
Gold:   1920       SH: 18    Dex: 10    Spells: 14/14 levels left

rFire   + + +      SeeInvis +   A - +3 hand axe of Doom {vamp, rPois rN+}
rCold   . . .      Faith    .   o - +0 kite shield
rNeg    + . .      Spirit   .   f - +1 plate armour
rPois   +          Reflect  +   (helmet restricted)
rElec   .          Harm     .   t - +2 cloak
rCorr   .          Rampage  +   z - +2 pair of gloves
Will    ++...                   i - +2 pair of boots {rampage}
Stlth   ..........              w - amulet of reflection
HPRegen 0.34/turn               B - ring "Sehoad" {Drain +Blink rF+++ Will+ Int+4}
MPRegen 0.14/turn               p - ring of see invisible

@: about to teleport, on berserk cooldown, slowed, very slow
A: horns 2, retaliatory headbutt
a: Renounce Religion, Evoke Blink, Berserk, Trog's Hand, Brothers in Arms


You were on level 2 of the Orcish Mines.
You worshipped Trog.
Trog was extremely pleased with you.
You visited 3 branches of the dungeon, and saw 22 of its levels.
You also visited: Ossuary and Gauntlet.

You collected 2010 gold pieces.
You spent 90 gold pieces at shops.


Innate Abilities, Weirdness & Mutations

You have a pair of horns on your head.
You reflexively headbutt those who attack you in melee.


   Skills:
 + Level 17.6 Fighting
 - Level 16.0 Axes
 - Level 9.0 Throwing
 - Level 16.0 Armour
 - Level 7.0 Dodging
 - Level 16.0 Shields


You had 14 spell levels left.
You didn't know any spells.
Your spell library was empty.

Inventory:

Hand Weapons
 b - a +0 morningstar of flaming
 r - the +12 flail of the Wasp {drain, Fly rN+ Str+2}
   (You found it on level 11 of the Dungeon)

   A truly terrible weapon, it drains the life of any living foe it strikes.
   Str:       It affects your strength (+2).
   rN:        It protects you from negative energy.
   Fly:       It grants you flight.
 A - the +3 hand axe of Doom (weapon) {vamp, rPois rN+}
   (You found it on level 4 of the Lair of Beasts)

   It occasionally heals its wielder for a portion of the damage dealt when it
   wounds a living foe.
   rPois:     It protects you from poison.
   rN:        It protects you from negative energy.
 D - a +3 broad axe
Missiles
 d - 4 boomerangs (quivered)
Armour
 f - a +1 plate armour (worn)
 i - a +2 pair of boots of rampaging (worn)
 j - +0 ice dragon scales
 o - a +0 kite shield (worn)
 t - a +2 cloak (worn)
 x - the +1 scale mail of Surprise {Fly rElec rPois Will-}
   (You found it on level 3 of the Lair of Beasts)

   rElec:     It insulates you from electricity.
   rPois:     It protects you from poison.
   Fly:       It grants you flight.
   Will:      It decreases your willpower.
 z - a +2 pair of gloves (worn)
Jewellery
 k - the ring "Pamy" {rPois Str+6 Int+8}
   (You found it on level 3 of the Lair of Beasts)

   [ring of strength]

   Str:       It affects your strength (+6).
   Int:       It affects your intelligence (+8).
   rPois:     It protects you from poison.
 p - a ring of see invisible (right hand)
 w - an amulet of reflection (around neck)
 y - a ring of fire
 B - the ring "Sehoad" (left hand) {Drain +Blink rF+++ Will+ Int+4}
   (You found it in a Gauntlet)

   [ring of willpower]

   Int:       It affects your intelligence (+4).
   rF:        It renders you almost immune to fire.
   +Blink:    It lets you blink.
   Drain:     It drains your maximum health when unequipped.
   Will:      It increases your willpower.
 C - a +4 ring of slaying {mikee}
Scrolls
 a - 5 scrolls of identify
 e - 12 scrolls of teleportation
Potions
 c - a potion of cancellation
 g - 7 potions of mutation
 h - 13 potions of curing
 l - a potion of resistance
 m - 6 potions of heal wounds
 n - 3 potions of might
 u - a potion of haste

Dungeon Overview and Level Annotations

Branches:
Dungeon (15/15)            Temple (0/1) D:7            Lair (5/5) D:11
 Shoals (0/4) Lair:2        Snake (0/4) Lair:3        Slime (0/5) Lair:5
    Orc (2/2) D:11         Vaults (0/5) D:13         Depths (0/4) D:15
Ossuary (visited)         Gauntlet (visited)
    Elf: Orc:2

Altars:
Ashenzari
Cheibriados
Dithmenos
Fedhas
Kikubaaqudgha
Makhleb
Nemelex Xobeh
Okawaru
Qazlal
Sif Muna
Trog
Vehumet
Yredelemnul
Jiyva

Shops:
D:11 **

Annotations:
D:3 1 runed translucent door, Crazy Yiuf
D:5 3 runed translucent doors, qw's ghost, weakling GrDe
D:12 3 runed translucent doors, qw's ghost, journeyman MiBe
D:13 2 transporters, Gonodgh's ghost, journeyman MiFi
Lair:1 1 runed translucent door, qw's ghost, journeyman DsCA
Lair:5 1 runed translucent door, qw's ghost, journeyman MiBe
Orc:1 3 runed translucent doors, qw's ghost, journeyman MiBe


Message History

The iron troll claws you but does no damage. x2
You slash the orc warrior!
You feel better.
The orc warrior is severely wounded.
You hit the ogre.
You completely miss the two-headed ogre.
You slash the iron troll!
You hit the deep troll but do no damage.
You block the orc warrior's attack. The orc closely misses you.
You block the orc warrior's attack.
The two-headed ogre hits you with a +0 giant spiked club!
The two-headed ogre hits you with a +0 dire flail!
The iron troll bites you but does no damage.
The iron troll claws you but does no damage. x2
The ogre closely misses you. You furiously retaliate!
You headbutt the ogre! You hit the ogre.
You kill the ogre!
Trog accepts your kill.
Trog will now gift you melee weapons as you gain piety.
You slash the two-headed ogre!
You feel better.
You hit the iron troll.
You feel better.
You closely miss the deep troll.
You hit the orc warrior but do no damage.
The deep troll bites you!! You block the deep troll's attack. x2
The orc hits you from afar with a +0 trident.
You block the orc warrior's attack. The orc warrior barely misses you.
You furiously retaliate!
You headbutt the orc warrior.
31063 ||| READING 13 scrolls of teleportation.
As you read the scroll of teleportation, it crumbles to dust.
You feel strangely unstable. You block the deep troll's attack.
The deep troll claws you but does no damage.
You block the deep troll's attack.
The orc warrior hits you with a +0 dire flail.
The orc warrior hits you with a +0 flail!
The two-headed ogre closely misses you. The two-headed ogre barely misses you.
The orc hits you from afar with a +0 trident.
The orc warrior hits you but does no damage.
You block the iron troll's attack. The iron troll claws you.
The iron troll claws you but does no damage.
The cyclops hits you!!
You die...

...#........ ..
#....................
..##....................
........................
........................
........................
.....o......#...........
.....oOoC...).).........
.....TT@).).))).........
.....TT#o.[..))))$......
...#.T.......#))).......
. ....(.)...).).))....#.
......##...#..$........#
...#.......)...#...#....
....#.....(##.#...#.....
.....##.########.###....
# ### ##...


You could see an iron troll, a two-headed ogre, a deep troll, a cyclops, 3
trolls, 3 orc warriors and an orc (strong).

Vanquished Creatures
  Rupert (Lair:3)
  A sphinx (D:14)
  2 tengu reavers (D:14)
  A fire giant (D:14)
  An ironbound preserver (D:13)
  A minotaur (Gauntlet)
  A dire elephant (Gauntlet)
  An ettin (D:14)
  Snorg (Lair:3)
  Josephine (D:12)
  6 hydras
  2 ice dragons (D:14)
  4 ogre magi
  4 boulder beetles
  14 two-headed ogres
  A centaur warrior (D:13)
  2 catoblepae (Lair:5)
  2 tengu warriors
  9 death yaks
  2 deep troll earth magi (D:14)
  Sonja (Lair:3)
  Nergalle (Lair:3)
  A skeletal warrior (D:14)
  A deep elf archer (D:14)
  2 wizards (D:15)
  An orc knight (Orc:2)
  A wolf spider zombie (D:15)
  4 deep elf pyromancers
  A necromancer (D:15)
  2 orc sorcerers (Orc:1)
  5 manticores
  5 ugly things
  8 cyclopes
  A moth of wrath (Gauntlet)
  13 elephants
  6 black mambas
  A black mamba (shapeshifter) (Lair:3)
  A guardian serpent (Lair:3)
  A naga mage (D:15)
  A torpor snail (Lair:4)
  12 cane toads
  A gargoyle (D:11)
  Maggie (D:9)
  An unseen horror (D:12)
  2 centaur skeletons (D:15)
  5 rime drakes
  9 komodo dragons
  A yaktaur (D:15)
  2 efreet
  A harpy zombie (D:15)
  A kobold demonologist (D:9)
  A freezing wraith (D:13)
  9 trolls
  A meliai (D:14)
  A meliai (shapeshifter) (D:14)
  7 slime creatures
  3 hornets
  3 polar bears
  6 dream sheep (Lair:5)
  19 blink frogs
  Sigmund (D:3)
  2 water elementals (D:15)
  A centaur simulacrum (D:14)
  A shadow (D:9)
  6 wyverns
  61 yaks
  A spriggan (Lair:5)
  A golden eye (shapeshifter) (D:14)
  9 wraiths
  4 basilisks
  4 redbacks (Gauntlet)
  7 vampire mosquitoes
  3 swamp worms (Gauntlet)
  A warg (Orc:2)
  2 acid dragons (D:11)
  19 water moccasins
  3 sky beasts (D:8)
  An ice beast (D:6)
  7 orc warriors
  A black bear (D:4)
  A hornet zombie (D:7)
  2 centaurs
  33 wolves (Lair:5)
  18 ogres
  6 kobold brigands
  A phantom (D:4)
  12 bullfrogs
  3 gnoll sergeants
  3 scorpions
  A necrophage (D:6)
  2 wyvern zombies (D:7)
  2 water moccasin zombies (Ossuary)
  8 wights
  4 electric eels
  4 howler monkeys
  5 hounds
  3 jellies
  3 centaur zombies
  6 orc priests
  3 gnoll boudas
  5 iguanas
  7 orc wizards
  Natasha (thrice) (D:3)
  A hell rat (Lair:4)
  A statue (D:12)
  2 killer bee zombies (D:7)
  2 mummies (Ossuary)
  A howler monkey zombie (D:7)
  25 gnolls
  7 adders
  A white imp (D:7)
  4 adder zombies (Ossuary)
  2 worms
  6 dart slugs
  56 orcs
  9 ball pythons
  8 bats
  7 endoplasms
  3 giant cockroaches
  13 goblins
  15 hobgoblins
  9 jackals
  4 quokkas
  4 frilled lizards (D:1)
  6 gnoll zombies (Ossuary)
  7 hobgoblin zombies (Ossuary)
  33 kobolds
  8 kobold zombies (Ossuary)
  3 orc zombies (Ossuary)
  4 rats
711 creatures vanquished.

Vanquished Creatures (collateral kills)
  A hydra (Lair:5)
  A catoblepas (Lair:5)
  A death yak (Lair:5)
  An oklob plant (D:11)
  A blink frog (Lair:2)
5 creatures vanquished.

Vanquished Creatures (others)
  A basilisk (D:11)
  38 fungi
  63 plants
  2 withered plants (Lair:1)
104 creatures vanquished.

Grand Total: 820 creatures vanquished

Notes
Turn   | Place    | Note
-------+----------+-------------------------------------------
     0 | D:1      | qw the Minotaur Berserker began the quest for the Orb.
     0 | D:1      | Reached XP level 1. HP: 19/19 MP: 0/0
     0 | D:1      | 0 ||| qw: Version: 0.1-a-119-g272c26d
     0 | D:1      | 0 ||| qw: Game counter: 11005
     0 | D:1      | 0 ||| qw: Always use a shield: true
     0 | D:1      | 0 ||| qw: Do Orc after D:15 true
     0 | D:1      | 0 ||| qw: Do second Lair branch before Depths: true
     0 | D:1      | 0 ||| qw: Lair rune preference: random
     0 | D:1      | 0 ||| qw: Plans: Normal
     0 | D:1      | 0 ||| PLANNING D:1-11
   229 | D:1      | Found a faded altar of an unknown god.
   281 | D:1      | Reached XP level 2. HP: 21/26 MP: 1/1
   371 | D:1      | 371 ||| Stepping ~*~*~tactically~*~*~ (stealth).
   377 | D:1      | 377 ||| Stepping ~*~*~tactically~*~*~ (stealth).
   398 | D:1      | 398 ||| Stepping ~*~*~tactically~*~*~ (stealth).
   399 | D:1      | 399 ||| Stepping ~*~*~tactically~*~*~ (stealth).
   400 | D:1      | 400 ||| Stepping ~*~*~tactically~*~*~ (stealth).
   407 | D:1      | 407 ||| Stepping ~*~*~tactically~*~*~ (stealth).
   420 | D:1      | 420 ||| Stepping ~*~*~tactically~*~*~ (stealth).
   444 | D:1      | 444 ||| Stepping ~*~*~tactically~*~*~ (stealth).
   729 | D:1      | Reached XP level 3. HP: 31/31 MP: 2/2
   793 | D:1      | Reached ** piety under Trog
  1094 | D:1      | 1094 ||| UPGRADING to +0 ring mail.
  1104 | D:1      | 1104 ||| DROPPING +0 animal skin.
  1105 | D:1      | 1105 ||| UPGRADING to ring of see invisible.
  1391 | D:2      | 1391 ||| INVOKING Berserk.
  1779 | D:2      | 1779 ||| READING 2 scrolls labelled RUAWOF ZIERI.
  1780 | D:2      | 1780 ||| READING 3 scrolls labelled NENAT DEUL.
  1781 | D:2      | 1781 ||| READING scroll labelled WOASISIDEW.
  1782 | D:2      | 1782 ||| READING scroll labelled NAXAG BOITEKH.
  1783 | D:2      | 1783 ||| READING scroll labelled TEUCOEMANE.
  1784 | D:2      | 1784 ||| DROPPING 2 scrolls of fear.
  1911 | D:3      | Reached skill level 6 in Axes
  1911 | D:3      | Reached XP level 4. HP: 39/39 MP: 3/3
  1911 | D:3      | 1911 ||| Stepping ~*~*~tactically~*~*~ (hiding).
  1915 | D:3      | 1915 ||| INVOKING Berserk.
  2060 | D:3      | 2060 ||| Stepping ~*~*~tactically~*~*~ (hiding).
  2226 | D:3      | 2226 ||| Stepping ~*~*~tactically~*~*~ (hiding).
  2232 | D:3      | 2232 ||| Stepping ~*~*~tactically~*~*~ (hiding).
  2428 | D:3      | Noticed Natasha
  2431 | D:3      | 2431 ||| INVOKING Berserk.
  2432 | D:3      | Killed Natasha
  2433 | D:3      | Reached XP level 5. HP: 45/45 MP: 4/4
  2619 | D:3      | Found a radiant altar of Vehumet.
  2761 | D:3      | Noticed Sigmund
  2764 | D:3      | 2764 ||| INVOKING Berserk.
  2773 | D:3      | Killed Sigmund
  2774 | D:3      | Reached skill level 5 in Fighting
  2774 | D:3      | Reached XP level 6. HP: 57/57 MP: 5/5
  2839 | D:3      | Noticed Natasha
  2840 | D:3      | 2840 ||| Stepping ~*~*~tactically~*~*~ (hiding).
  2843 | D:3      | 2843 ||| INVOKING Berserk.
  2846 | D:3      | Killed Natasha
  3127 | D:3      | Found a runed translucent door.
  3128 | D:3      | Noticed Crazy Yiuf
  3204 | D:3      | Noticed Natasha
  3207 | D:3      | 3207 ||| INVOKING Berserk.
  3212 | D:3      | Killed Natasha
  3627 | D:3      | 3627 ||| READING scroll labelled VEOCRUL KIASECO.
  3628 | D:3      | 3628 ||| READING scroll labelled XEXKAPL NEVI.
  3765 | D:3      | 3765 ||| READING 5 scrolls of identify.
  3765 | D:3      | 3765 ||| IDENTIFYING puce potion
  3766 | D:3      | 3766 ||| READING 4 scrolls of identify.
  3766 | D:3      | 3766 ||| IDENTIFYING smoky green potion
  3767 | D:3      | 3767 ||| READING 3 scrolls of identify.
  3767 | D:3      | 3767 ||| IDENTIFYING dark potion
  3768 | D:3      | 3768 ||| READING 2 scrolls of identify.
  3768 | D:3      | 3768 ||| IDENTIFYING ruby potion
  3769 | D:3      | 3769 ||| DROPPING potion of invisibility.
  3770 | D:3      | 3770 ||| DROPPING potion of berserk rage.
  3771 | D:3      | 3771 ||| DROPPING potion of magic.
  3772 | D:3      | 3772 ||| DROPPING potion of attraction.
  4097 | D:4      | 4097 ||| Stepping ~*~*~tactically~*~*~ (hiding).
  4098 | D:4      | 4098 ||| INVOKING Berserk.
  4259 | D:4      | 4259 ||| DROPPING +0 whip.
  4262 | D:4      | 4262 ||| DROPPING +0 flail.
  4395 | D:4      | 4395 ||| Stepping ~*~*~tactically~*~*~ (stealth).
  4443 | D:4      | Reached XP level 7. HP: 62/62 MP: 6/6
  4641 | D:4      | 4641 ||| Stepping ~*~*~tactically~*~*~ (stealth).
  4650 | D:4      | Reached skill level 9 in Axes
  4675 | D:4      | Reached *** piety under Trog
  4708 | D:4      | 4708 ||| Stepping ~*~*~tactically~*~*~ (stealth).
  4735 | D:4      | 4735 ||| Stepping ~*~*~tactically~*~*~ (hiding).
  4776 | D:4      | 4776 ||| Stepping ~*~*~tactically~*~*~ (stealth).
  4780 | D:4      | 4780 ||| INVOKING Berserk.
  4956 | D:4      | 4956 ||| UPGRADING to +0 chain mail.
  4966 | D:4      | 4966 ||| DROPPING +0 ring mail.
  4967 | D:4      | 4967 ||| READING 2 scrolls labelled PUXUUS RATANY.
  4975 | D:4      | 4975 ||| INVOKING Berserk.
  4980 | D:4      | Reached skill level 3 in Armour
  5095 | D:5      | Entered Level 5 of the Dungeon
  5096 | D:5      | 5096 ||| PLANNING OSSUARY
  5311 | D:5      | Found a sparkling altar of Nemelex Xobeh.
  5452 | D:5      | Reached skill level 6 in Fighting
  5476 | D:5      | Found a sand-covered staircase.
  5477 | D:5      | 5477 ||| DROPPING amulet of faith.
  5478 | D:5      | 5478 ||| READING scroll labelled ZIETWE XAHIWU.
  5484 | Ossuary  | Entered an ossuary
  5518 | Ossuary  | Reached XP level 8. HP: 56/70 MP: 7/7
  5638 | Ossuary  | 5638 ||| Stepping ~*~*~tactically~*~*~ (stealth).
  5721 | Ossuary  | Reached **** piety under Trog
  5792 | Ossuary  | 5792 ||| READING 3 scrolls labelled KAIXZA GIRAHOI.
  5793 | Ossuary  | 5793 ||| DRINKING 2 white potions.
  5794 | Ossuary  | 5794 ||| DRINKING 3 red potions.
  5795 | Ossuary  | 5795 ||| DRINKING 2 bubbling golden potions.
  5841 | Ossuary  | 5841 ||| DROPPING 2 potions of brilliance.
  5842 | Ossuary  | 5842 ||| DROPPING 2 scrolls of noise.
  5843 | Ossuary  | 5843 ||| DROPPING potion of lignification.
  5849 | D:5      | 5849 ||| PLANNING D:1-11
  6223 | D:5      | Found a runed translucent gate.
  6224 | D:5      | Found a runed translucent gate.
  6224 | D:5      | Found a runed translucent gate.
  6224 | D:5      | Noticed qw's ghost (weakling GrDe)
  6627 | D:5      | 6627 ||| UPGRADING to +0 plate armour.
  6637 | D:5      | 6637 ||| DROPPING +0 chain mail.
  6638 | D:5      | 6638 ||| DROPPING scarf of shadows.
  6674 | D:6      | 6674 ||| DROPPING +3 whip.
  7082 | D:6      | Found a snail-covered altar of Cheibriados.
  7097 | D:6      | 7097 ||| INVOKING Berserk.
  7254 | D:6      | Reached skill level 12 in Axes
  7612 | D:6      | 7612 ||| INVOKING Berserk.
  7626 | D:6      | Reached skill level 7 in Fighting
  7635 | D:6      | Reached XP level 9. HP: 75/79 MP: 8/8
  7930 | D:6      | 7930 ||| SWAPPING to +0 war axe.
  7931 | D:6      | 7931 ||| DROPPING +1 hand axe.
  7932 | D:6      | 7932 ||| DRINKING 2 grey potions.
  7974 | D:7      | 7974 ||| Stepping ~*~*~tactically~*~*~ (stealth).
  8110 | D:7      | Found a basalt altar of Yredelemnul.
  8256 | D:7      | Reached ***** piety under Trog
  8419 | D:7      | 8419 ||| Stepping ~*~*~tactically~*~*~ (stealth).
  8515 | D:7      | Reached skill level 8 in Fighting
  8560 | D:7      | 8560 ||| INVOKING Berserk.
  8566 | D:7      | Reached skill level 6 in Armour
  8593 | D:7      | 8593 ||| FLEEEEING.
  8594 | D:7      | 8594 ||| FLEEEEING.
  8598 | D:7      | 8598 ||| STAIRDANCE
  8693 | D:6      | 8693 ||| UPGRADING to amulet of the acrobat.
  8758 | D:7      | Found an iron altar of Okawaru.
  8759 | D:7      | Found a shimmering blue altar of Sif Muna.
  8789 | D:7      | Found a staircase to the Ecumenical Temple.
  8792 | D:7      | 8792 ||| Stepping ~*~*~tactically~*~*~ (stealth).
  8798 | D:7      | 8798 ||| Stepping ~*~*~tactically~*~*~ (stealth).
  8935 | D:7      | 8935 ||| DROPPING +2 vorpal flail.
  9149 | D:7      | 9149 ||| DROPPING scarf of invisibility.
  9150 | D:7      | 9150 ||| READING 2 scrolls labelled HOXIEH OZEK.
  9151 | D:7      | 9151 ||| READING scroll labelled CASEUPR LIFUFA.
  9152 | D:7      | 9152 ||| DROPPING scroll of blinking.
  9182 | D:8      | 9182 ||| INVOKING Berserk.
  9185 | D:8      | Reached skill level 1 in Throwing
  9319 | D:8      | 9319 ||| Stepping ~*~*~tactically~*~*~ (hiding).
  9335 | D:8      | Reached skill level 3 in Throwing
  9338 | D:8      | 9338 ||| Stepping ~*~*~tactically~*~*~ (stealth).
  9340 | D:8      | 9340 ||| FLEEEEING.
  9341 | D:8      | 9341 ||| FLEEEEING.
  9342 | D:8      | 9342 ||| FLEEEEING.
  9343 | D:8      | 9343 ||| FLEEEEING.
  9344 | D:8      | 9344 ||| FLEEEEING.
  9345 | D:8      | 9345 ||| FLEEEEING.
  9346 | D:8      | 9346 ||| FLEEEEING.
  9347 | D:8      | 9347 ||| FLEEEEING.
  9349 | D:8      | 9349 ||| FLEEEEING.
  9350 | D:8      | 9350 ||| FLEEEEING.
  9351 | D:8      | 9351 ||| FLEEEEING.
  9352 | D:8      | 9352 ||| FLEEEEING.
  9353 | D:8      | 9353 ||| FLEEEEING.
  9354 | D:8      | 9354 ||| FLEEEEING.
  9355 | D:8      | 9355 ||| STAIRDANCE
  9526 | D:8      | 9526 ||| SWAPPING to +4 war axe of freezing.
  9527 | D:8      | 9527 ||| DROPPING +0 war axe.
  9532 | D:8      | 9532 ||| Stepping ~*~*~tactically~*~*~ (stealth).
 10001 | D:8      | 10001 ||| Stepping ~*~*~tactically~*~*~ (stealth).
 10144 | D:8      | Noticed a white ugly thing
 10145 | D:8      | 10145 ||| Stepping ~*~*~tactically~*~*~ (stealth).
 10177 | D:8      | Found a bloodstained altar of Trog.
 10180 | D:8      | 10180 ||| INVOKING Berserk.
 10183 | D:8      | Reached XP level 10. HP: 88/88 MP: 9/9
 10322 | D:8      | 10322 ||| INVOKING Berserk.
 10324 | D:8      | Killed a white ugly thing
 10618 | D:8      | 10618 ||| UPGRADING to +0 kite shield.
 10623 | D:8      | 10623 ||| UPGRADING to +1 cloak.
 10628 | D:8      | 10628 ||| UPGRADING to amulet of reflection.
 10638 | D:8      | 10638 ||| DROPPING amulet of the acrobat.
 10639 | D:8      | 10639 ||| READING scroll labelled YNOYGHECSU.
 10640 | D:8      | 10640 ||| READING scroll labelled YDWYOQ DOKO.
 10641 | D:8      | 10641 ||| READING 2 scrolls of identify.
 10641 | D:8      | 10641 ||| IDENTIFYING glowing inky potion
 10778 | D:9      | Reached skill level 1 in Shields
 10811 | D:9      | 10811 ||| Stepping ~*~*~tactically~*~*~ (hiding).
 10812 | D:9      | 10812 ||| Stepping ~*~*~tactically~*~*~ (hiding).
 10887 | D:9      | 10887 ||| Stepping ~*~*~tactically~*~*~ (stealth).
 10889 | D:9      | 10889 ||| INVOKING Berserk.
 10892 | D:9      | Reached skill level 3 in Shields
 10902 | D:9      | Noticed Maggie
 10906 | D:9      | 10906 ||| DRINKING 7 potions of curing.
 10906 | D:9      | 10906 ||| (to cure confusion)
 10908 | D:9      | 10908 ||| DRINKING 6 potions of curing.
 10908 | D:9      | 10908 ||| (to cure confusion)
 10919 | D:9      | Killed Maggie
 10920 | D:9      | Reached skill level 6 in Shields
 11037 | D:9      | 11037 ||| DROPPING +0 morningstar.
 11239 | D:9      | 11239 ||| Stepping ~*~*~tactically~*~*~ (stealth).
 11241 | D:9      | 11241 ||| Stepping ~*~*~tactically~*~*~ (stealth).
 11291 | D:9      | 11291 ||| INVOKING Berserk.
 11293 | D:9      | Paralysed by a hornet for 1 turns
 11624 | D:10     | Entered Level 10 of the Dungeon
 11736 | D:10     | 11736 ||| Stepping ~*~*~tactically~*~*~ (stealth).
 11753 | D:10     | Found a blossoming altar of Fedhas.
 11889 | D:10     | Reached skill level 9 in Shields
 11889 | D:10     | 11889 ||| FLEEEEING.
 11890 | D:10     | 11890 ||| FLEEEEING.
 11891 | D:10     | Noticed an orange demon
 11891 | D:10     | 11891 ||| FLEEEEING.
 11892 | D:10     | 11892 ||| FLEEEEING.
 11893 | D:10     | 11893 ||| STAIRDANCE
 11934 | D:9      | 11934 ||| DROPPING amulet of regeneration.
 11935 | D:9      | 11935 ||| DRINKING 2 smoky cyan potions.
 11936 | D:9      | 11936 ||| DROPPING potion of degeneration.
 11939 | D:10     | 11939 ||| STAIRDANCE
 11952 | D:10     | 11952 ||| STAIRDANCE
 12003 | D:10     | 12003 ||| STAIRDANCE
 12017 | D:10     | 12017 ||| STAIRDANCE
 12061 | D:10     | Found a shadowy altar of Dithmenos.
 12064 | D:10     | 12064 ||| Stepping ~*~*~tactically~*~*~ (stealth).
 12068 | D:10     | 12068 ||| Stepping ~*~*~tactically~*~*~ (stealth).
 12069 | D:10     | 12069 ||| Stepping ~*~*~tactically~*~*~ (stealth).
 12076 | D:10     | 12076 ||| Stepping ~*~*~tactically~*~*~ (stealth).
 12090 | D:10     | Reached XP level 11. HP: 79/94 MP: 10/10
 12395 | D:10     | Found an ancient bone altar of Kikubaaqudgha.
 12396 | D:10     | Noticed a two-headed ogre
 12400 | D:10     | 12400 ||| INVOKING Berserk.
 12405 | D:10     | Killed a two-headed ogre
 12577 | D:11     | 12577 ||| Stepping ~*~*~tactically~*~*~ (hiding).
 12584 | D:11     | 12584 ||| INVOKING Berserk.
 12585 | D:11     | HP: 35/141 [gargoyle/+0 flail (20)]
 12588 | D:11     | Noticed a two-headed ogre
 12595 | D:11     | HP: 26/141 [two-headed ogre/+0 giant club (11)]
 12597 | D:11     | Killed a two-headed ogre
 12598 | D:11     | Reached skill level 15 in Axes
 12917 | D:11     | Found a staircase to the Lair.
 12925 | D:11     | Noticed an oklob plant
 12926 | D:11     | 12926 ||| INVOKING Brothers in Arms.
 12939 | D:11     | Killed an oklob plant
 12940 | D:11     | Reached skill level 9 in Fighting
 12968 | D:11     | 12968 ||| Stepping ~*~*~tactically~*~*~ (stealth).
 12973 | D:11     | 12973 ||| Stepping ~*~*~tactically~*~*~ (hiding).
 12973 | D:11     | Noticed a red ugly thing
 12983 | D:11     | Killed a red ugly thing
 12984 | D:11     | 12984 ||| INVOKING Berserk.
 13052 | D:11     | Found a staircase to the Orcish Mines.
 13155 | D:11     | 13155 ||| READING scroll of enchant armour.
 13155 | D:11     | 13155 ||| ENCHANTING +1 cloak.
 13239 | D:11     | 13239 ||| INVOKING Berserk.
 13353 | D:11     | Found Ucahua Cifi's General Store.
 13355 | D:11     | Found Puliwn's Specific Store.
 13362 | D:11     | 13362 ||| BUYING potion of curing (45 gold).
 13362 | D:11     | Bought a potion of curing for 45 gold pieces
 13362 | D:11     | 13362 ||| SHOPLISTING scroll of acquirement (780 gold, have
                  | 508).
 13362 | D:11     | 13362 ||| BUYING scroll of teleportation (45 gold).
 13362 | D:11     | Bought a scroll of teleportation for 45 gold pieces
 13366 | D:11     | 13366 ||| SHOPLISTING ring "Qekkiez" {rElec rF+ rC+ Int+6
                  | Stlth+} (868 gold, have 463).
 13381 | D:11     | Identified the +12 flail of the Wasp {drain, Fly rN+ Str+2}
 13396 | D:11     | Noticed a two-headed ogre
 13397 | D:11     | 13397 ||| FLEEEEING.
 13398 | D:11     | 13398 ||| FLEEEEING.
 13399 | D:11     | 13399 ||| FLEEEEING.
 13400 | D:11     | 13400 ||| FLEEEEING.
 13401 | D:11     | 13401 ||| FLEEEEING.
 13402 | D:11     | 13402 ||| FLEEEEING.
 13403 | D:11     | 13403 ||| FLEEEEING.
 13404 | D:11     | 13404 ||| FLEEEEING.
 13405 | D:11     | 13405 ||| FLEEEEING.
 13406 | D:11     | 13406 ||| FLEEEEING.
 13408 | D:11     | 13408 ||| INVOKING Berserk.
 13411 | D:11     | Killed a two-headed ogre
 13749 | D:11     | 13749 ||| PLANNING LAIR
 13749 | D:11     | 13749 ||| UPGRADING to ring of willpower.
 13750 | D:11     | 13750 ||| DRINKING 2 brown potions.
 13772 | Lair:1   | Entered Level 1 of the Lair of Beasts
 13776 | Lair:1   | 13776 ||| INVOKING Berserk.
 14073 | Lair:1   | Found a runed translucent door.
 14073 | Lair:1   | Noticed qw's ghost (journeyman DsCA)
 14100 | Lair:1   | 14100 ||| INVOKING Berserk.
 14105 | Lair:1   | Reached skill level 3 in Dodging
 14750 | Lair:1   | 14750 ||| DROPPING ring of flight.
 14751 | Lair:1   | 14751 ||| READING 2 scrolls of identify.
 14751 | Lair:1   | 14751 ||| IDENTIFYING fizzy pink potion
 14752 | Lair:1   | 14752 ||| DROPPING potion of ambrosia.
 14923 | Lair:2   | Found a staircase to the Shoals.
 14978 | Lair:2   | 14978 ||| INVOKING Berserk.
 15132 | Lair:2   | 15132 ||| INVOKING Berserk.
 15143 | Lair:2   | 15143 ||| INVOKING Brothers in Arms.
 15144 | Lair:2   | 15144 ||| INVOKING Brothers in Arms.
 15252 | Lair:2   | Reached skill level 10 in Fighting
 15253 | Lair:2   | 15253 ||| Stepping ~*~*~tactically~*~*~ (stealth).
 15269 | Lair:2   | Reached XP level 12. HP: 75/106 MP: 11/11
 15551 | Lair:2   | 15551 ||| INVOKING Berserk.
 15554 | Lair:2   | Reached skill level 9 in Armour
 15774 | Lair:2   | 15774 ||| INVOKING Berserk.
 15797 | Lair:2   | 15797 ||| FLEEEEING.
 15802 | Lair:2   | 15802 ||| STAIRDANCE
 15931 | Lair:2   | 15931 ||| Stepping ~*~*~tactically~*~*~ (stealth).
 16216 | Lair:2   | Noticed a seven-headed hydra
 16217 | Lair:2   | 16217 ||| Stepping ~*~*~tactically~*~*~ (stealth).
 16223 | Lair:2   | 16223 ||| INVOKING Brothers in Arms.
 16224 | Lair:2   | 16224 ||| INVOKING Brothers in Arms.
 16225 | Lair:2   | 16225 ||| SWAPPING to +12 flail of the Wasp {drain, Fly rN+
                  | Str+2}.
 16226 | Lair:2   | 16226 ||| INVOKING Berserk.
 16230 | Lair:2   | Killed a seven-headed hydra
 16231 | Lair:2   | Reached skill level 11 in Fighting
 16274 | Lair:2   | 16274 ||| SWAPPING to +4 war axe of chaos.
 16349 | Lair:2   | 16349 ||| Stepping ~*~*~tactically~*~*~ (stealth).
 16406 | Lair:2   | 16406 ||| Stepping ~*~*~tactically~*~*~ (stealth).
 16466 | Lair:2   | HP: 27/110 [poisoned by a black mamba]
 17106 | Lair:2   | 17106 ||| READING 2 scrolls of identify.
 17106 | Lair:2   | 17106 ||| IDENTIFYING silvery potion
 17203 | Lair:3   | 17203 ||| Stepping ~*~*~tactically~*~*~ (stealth).
 17212 | Lair:3   | Reached skill level 12 in Shields
 17212 | Lair:3   | 17212 ||| INVOKING Berserk.
 17324 | Lair:3   | Identified the ring "Pamy" {rPois Str+6 Int+8}
 17347 | Lair:3   | 17347 ||| Stepping ~*~*~tactically~*~*~ (stealth).
 17350 | Lair:3   | 17350 ||| Stepping ~*~*~tactically~*~*~ (stealth).
 17352 | Lair:3   | 17352 ||| Stepping ~*~*~tactically~*~*~ (stealth).
 17370 | Lair:3   | 17370 ||| INVOKING Berserk.
 17517 | Lair:3   | Noticed a death yak
 17521 | Lair:3   | Noticed a death yak
 17522 | Lair:3   | 17522 ||| INVOKING Berserk.
 17522 | Lair:3   | Noticed a death yak
 17523 | Lair:3   | Noticed a death yak
 17527 | Lair:3   | Killed a death yak
 17532 | Lair:3   | a death yak changed into a shapeshifter
 17534 | Lair:3   | Killed a death yak
 17541 | Lair:3   | Killed a death yak
 17542 | Lair:3   | Reached skill level 12 in Fighting
 17680 | Lair:3   | Identified the +1 scale mail of Surprise {Fly rElec rPois
                  | Will-}
 17687 | Lair:3   | Noticed Rupert
 17688 | Lair:3   | 17688 ||| INVOKING Trog's Hand.
 17689 | Lair:3   | 17689 ||| INVOKING Berserk.
 17689 | Lair:3   | Noticed a four-headed hydra
 17698 | Lair:3   | HP: 40/168 [Rupert/+1 great sword of holy wrath (36)]
 17699 | Lair:3   | HP: 19/168 [Rupert/+1 great sword of holy wrath (4)]
 17700 | Lair:3   | Killed Rupert
 17703 | Lair:3   | Killed a 12-headed hydra
 17786 | Lair:3   | 17786 ||| Stepping ~*~*~tactically~*~*~ (stealth).
 17788 | Lair:3   | 17788 ||| Stepping ~*~*~tactically~*~*~ (stealth).
 17896 | Lair:3   | 17896 ||| Stepping ~*~*~tactically~*~*~ (stealth).
 18049 | Lair:3   | Found the +5 robe of Night {Dark Will+ SInv}
 18077 | Lair:3   | Found a staircase to the Snake Pit.
 18179 | Lair:3   | Noticed Snorg
 18183 | Lair:3   | 18183 ||| INVOKING Berserk.
 18192 | Lair:3   | Killed Snorg
 18193 | Lair:3   | Reached XP level 13. HP: 119/119 MP: 12/12
 18287 | Lair:3   | 18287 ||| INVOKING Berserk.
 18333 | Lair:3   | 18333 ||| Stepping ~*~*~tactically~*~*~ (stealth).
 18533 | Lair:3   | Noticed Sonja
 18542 | Lair:3   | Killed Sonja
 18543 | Lair:3   | Reached skill level 13 in Fighting
 18861 | Lair:3   | Noticed Nergalle
 18864 | Lair:3   | 18864 ||| INVOKING Berserk.
 18868 | Lair:3   | Killed Nergalle
 19011 | Lair:3   | 19011 ||| UPGRADING to +1 scale mail of Surprise {Fly rElec
                  | rPois Will-}.
 19021 | Lair:3   | 19021 ||| UPGRADING to +2 pair of gloves.
 19026 | Lair:3   | 19026 ||| UPGRADING to ring "Pamy" {rPois Str+6 Int+8}.
 19028 | Lair:3   | 19028 ||| UPGRADING to +0 plate armour.
 19038 | Lair:3   | 19038 ||| UPGRADING to ring of see invisible.
 19080 | Lair:4   | 19080 ||| Stepping ~*~*~tactically~*~*~ (hiding).
 19360 | Lair:4   | Identified the +3 hand axe of Doom {vamp, rPois rN+}
 19362 | Lair:4   | 19362 ||| SWAPPING to +3 hand axe of Doom {vamp, rPois
                  | rN+}.
 19363 | Lair:4   | 19363 ||| DROPPING +4 war axe of chaos.
 19411 | Lair:4   | 19411 ||| INVOKING Berserk.
 19632 | Lair:4   | 19632 ||| INVOKING Brothers in Arms.
 19633 | Lair:4   | 19633 ||| SWAPPING to +12 flail of the Wasp {drain, Fly rN+
                  | Str+2}.
 19634 | Lair:4   | 19634 ||| INVOKING Berserk.
 19650 | Lair:4   | 19650 ||| SWAPPING to +3 hand axe of Doom {vamp, rPois
                  | rN+}.
 19959 | Lair:4   | 19959 ||| INVOKING Berserk.
 20202 | Lair:4   | 20202 ||| Stepping ~*~*~tactically~*~*~ (stealth).
 20203 | Lair:4   | 20203 ||| Stepping ~*~*~tactically~*~*~ (stealth).
 20204 | Lair:4   | 20204 ||| INVOKING Berserk.
 20356 | Lair:4   | Reached skill level 12 in Armour
 20359 | Lair:4   | 20359 ||| Stepping ~*~*~tactically~*~*~ (water).
 20388 | Lair:4   | 20388 ||| Stepping ~*~*~tactically~*~*~ (stealth).
 20389 | Lair:4   | 20389 ||| Stepping ~*~*~tactically~*~*~ (stealth).
 20391 | Lair:4   | 20391 ||| INVOKING Berserk.
 20413 | Lair:4   | 20413 ||| Stepping ~*~*~tactically~*~*~ (stealth).
 20467 | Lair:4   | 20467 ||| Stepping ~*~*~tactically~*~*~ (stealth).
 20548 | Lair:4   | 20548 ||| INVOKING Berserk.
 20880 | Lair:4   | 20880 ||| READING scroll labelled QEBBOCS NITO.
 20904 | Lair:5   | Entered Level 5 of the Lair of Beasts
 20909 | Lair:5   | 20909 ||| STAIRDANCE
 20944 | Lair:5   | 20944 ||| Stepping ~*~*~tactically~*~*~ (stealth).
 20945 | Lair:5   | 20945 ||| INVOKING Berserk.
 21003 | Lair:5   | 21003 ||| Stepping ~*~*~tactically~*~*~ (stealth).
 21005 | Lair:5   | 21005 ||| Stepping ~*~*~tactically~*~*~ (stealth).
 21007 | Lair:5   | 21007 ||| Stepping ~*~*~tactically~*~*~ (stealth).
 21009 | Lair:5   | 21009 ||| STAIRDANCE
 21016 | Lair:5   | 21016 ||| STAIRDANCE
 21124 | Lair:5   | 21124 ||| STAIRDANCE
 21132 | Lair:4   | Reached skill level 14 in Fighting
 21134 | Lair:5   | 21134 ||| STAIRDANCE
 21176 | Lair:5   | 21176 ||| STAIRDANCE
 21178 | Lair:4   | 21178 ||| INVOKING Berserk.
 21303 | Lair:5   | 21303 ||| INVOKING Berserk.
 21312 | Lair:5   | 21312 ||| STAIRDANCE
 21417 | Lair:5   | Found a viscous altar of Jiyva.
 21417 | Lair:5   | Found a staircase to the Slime Pits.
 21438 | Lair:5   | 21438 ||| Stepping ~*~*~tactically~*~*~ (stealth).
 21443 | Lair:5   | 21443 ||| Stepping ~*~*~tactically~*~*~ (stealth).
 21462 | Lair:5   | Reached skill level 6 in Dodging
 21473 | Lair:5   | 21473 ||| INVOKING Berserk.
 21484 | Lair:5   | 21484 ||| Stepping ~*~*~tactically~*~*~ (stealth).
 21491 | Lair:5   | 21491 ||| Stepping ~*~*~tactically~*~*~ (stealth).
 21492 | Lair:5   | 21492 ||| Stepping ~*~*~tactically~*~*~ (stealth).
 21493 | Lair:5   | 21493 ||| Stepping ~*~*~tactically~*~*~ (stealth).
 21496 | Lair:5   | 21496 ||| Stepping ~*~*~tactically~*~*~ (stealth).
 21556 | Lair:5   | 21556 ||| Stepping ~*~*~tactically~*~*~ (stealth).
 21560 | Lair:5   | 21560 ||| Stepping ~*~*~tactically~*~*~ (stealth).
 21572 | Lair:5   | 21572 ||| Stepping ~*~*~tactically~*~*~ (hiding).
 21591 | Lair:5   | 21591 ||| Stepping ~*~*~tactically~*~*~ (stealth).
 21595 | Lair:5   | 21595 ||| Stepping ~*~*~tactically~*~*~ (stealth).
 21672 | Lair:5   | 21672 ||| Stepping ~*~*~tactically~*~*~ (stealth).
 21673 | Lair:5   | 21673 ||| Stepping ~*~*~tactically~*~*~ (stealth).
 21695 | Lair:5   | Found a runed translucent door.
 21698 | Lair:5   | 21698 ||| READING scroll of enchant armour.
 21698 | Lair:5   | 21698 ||| ENCHANTING +0 plate armour.
 21732 | Lair:5   | 21732 ||| Stepping ~*~*~tactically~*~*~ (stealth).
 21733 | Lair:5   | 21733 ||| Stepping ~*~*~tactically~*~*~ (stealth).
 21739 | Lair:5   | 21739 ||| INVOKING Brothers in Arms.
 21740 | Lair:5   | 21740 ||| INVOKING Brothers in Arms.
 21741 | Lair:5   | 21741 ||| INVOKING Brothers in Arms.
 21742 | Lair:5   | 21742 ||| INVOKING Brothers in Arms.
 21743 | Lair:5   | 21743 ||| SWAPPING to +12 flail of the Wasp {drain, Fly rN+
                  | Str+2}.
 21744 | Lair:5   | 21744 ||| INVOKING Berserk.
 21751 | Lair:5   | 21751 ||| SWAPPING to +3 hand axe of Doom {vamp, rPois
                  | rN+}.
 21785 | Lair:5   | 21785 ||| Stepping ~*~*~tactically~*~*~ (stealth).
 21885 | Lair:5   | 21885 ||| Stepping ~*~*~tactically~*~*~ (stealth).
 21887 | Lair:5   | 21887 ||| Stepping ~*~*~tactically~*~*~ (stealth).
 21903 | Lair:5   | 21903 ||| Stepping ~*~*~tactically~*~*~ (stealth).
 21904 | Lair:5   | 21904 ||| Stepping ~*~*~tactically~*~*~ (stealth).
 21907 | Lair:5   | 21907 ||| Stepping ~*~*~tactically~*~*~ (stealth).
 21911 | Lair:5   | 21911 ||| Stepping ~*~*~tactically~*~*~ (stealth).
 21917 | Lair:5   | 21917 ||| Stepping ~*~*~tactically~*~*~ (stealth).
 21924 | Lair:5   | 21924 ||| Stepping ~*~*~tactically~*~*~ (stealth).
 21931 | Lair:5   | Reached XP level 14. HP: 133/133 MP: 13/13
 21937 | Lair:5   | 21937 ||| INVOKING Berserk.
 21945 | Lair:5   | Reached skill level 15 in Fighting
 22125 | Lair:5   | 22125 ||| Stepping ~*~*~tactically~*~*~ (stealth).
 22153 | Lair:5   | 22153 ||| Stepping ~*~*~tactically~*~*~ (stealth).
 22158 | Lair:5   | 22158 ||| Stepping ~*~*~tactically~*~*~ (stealth).
 22206 | Lair:5   | 22206 ||| Stepping ~*~*~tactically~*~*~ (stealth).
 22207 | Lair:5   | 22207 ||| Stepping ~*~*~tactically~*~*~ (stealth).
 22208 | Lair:5   | 22208 ||| Stepping ~*~*~tactically~*~*~ (stealth).
 22211 | Lair:5   | 22211 ||| Stepping ~*~*~tactically~*~*~ (stealth).
 22213 | Lair:5   | 22213 ||| Stepping ~*~*~tactically~*~*~ (stealth).
 22224 | Lair:5   | 22224 ||| Stepping ~*~*~tactically~*~*~ (stealth).
 22236 | Lair:5   | 22236 ||| Stepping ~*~*~tactically~*~*~ (stealth).
 22237 | Lair:5   | 22237 ||| Stepping ~*~*~tactically~*~*~ (stealth).
 22372 | Lair:5   | 22372 ||| Stepping ~*~*~tactically~*~*~ (hiding).
 22374 | Lair:5   | 22374 ||| INVOKING Brothers in Arms.
 22375 | Lair:5   | 22375 ||| Stepping ~*~*~tactically~*~*~ (cloud).
 22376 | Lair:5   | 22376 ||| INVOKING Brothers in Arms.
 22377 | Lair:5   | 22377 ||| INVOKING Brothers in Arms.
 22378 | Lair:5   | 22378 ||| INVOKING Berserk.
 22505 | Lair:5   | 22505 ||| Stepping ~*~*~tactically~*~*~ (stealth).
 22506 | Lair:5   | 22506 ||| INVOKING Brothers in Arms.
 22512 | Lair:5   | 22512 ||| INVOKING Berserk.
 22544 | Lair:5   | Reached skill level 15 in Shields
 22610 | Lair:5   | Identified the +8 short sword "Toymyi" {elec, Fragile rF+++
                  | Str+2 Dex+4}
 22643 | Lair:5   | 22643 ||| Stepping ~*~*~tactically~*~*~ (stealth).
 22644 | Lair:5   | 22644 ||| Stepping ~*~*~tactically~*~*~ (stealth).
 22646 | Lair:5   | 22646 ||| INVOKING Berserk.
 22762 | Lair:5   | 22762 ||| Stepping ~*~*~tactically~*~*~ (stealth).
 22764 | Lair:5   | 22764 ||| Stepping ~*~*~tactically~*~*~ (stealth).
 22766 | Lair:5   | 22766 ||| Stepping ~*~*~tactically~*~*~ (stealth).
 22769 | Lair:5   | 22769 ||| Stepping ~*~*~tactically~*~*~ (stealth).
 22772 | Lair:5   | 22772 ||| Stepping ~*~*~tactically~*~*~ (stealth).
 22780 | Lair:5   | 22780 ||| Stepping ~*~*~tactically~*~*~ (stealth).
 22788 | Lair:5   | 22788 ||| INVOKING Berserk.
 22987 | Lair:5   | 22987 ||| INVOKING Berserk.
 23063 | Lair:5   | Identified the ring "Juext" {rElec rCorr Int+8 Slay-4 SInv}
 23119 | Lair:5   | Noticed qw's ghost (journeyman MiBe)
 23164 | Lair:5   | 23164 ||| PLANNING D
 23164 | Lair:5   | 23164 ||| DROPPING ring "Juext" {rElec rCorr Int+8 Slay-4
                  | SInv}.
 23165 | Lair:5   | 23165 ||| DRINKING 2 bubbling white potions.
 23166 | Lair:5   | 23166 ||| DROPPING potion of flight.
 23262 | D:12     | 23262 ||| PLANNING GAUNTLET
 23280 | D:12     | 23280 ||| Stepping ~*~*~tactically~*~*~ (stealth).
 23338 | D:12     | 23338 ||| Stepping ~*~*~tactically~*~*~ (stealth).
 23361 | D:12     | Noticed Josephine
 23363 | D:12     | 23363 ||| Stepping ~*~*~tactically~*~*~ (hiding).
 23372 | D:12     | Killed Josephine
 23373 | D:12     | Reached skill level 16 in Fighting
 23585 | D:12     | Found a gate leading to a gauntlet.
 23589 | D:12     | Found a runed translucent gate.
 23593 | Gauntlet | Entered a Gauntlet
 23593 | Gauntlet | Found a transporter.
 23593 | Gauntlet | Found a transporter.
 23597 | Gauntlet | Found a transporter.
 23597 | Gauntlet | Found a transporter.
 23609 | Gauntlet | Found a transporter.
 23617 | Gauntlet | Found a transporter.
 23617 | Gauntlet | Found a transporter.
 23618 | Gauntlet | Noticed a reaper
 23641 | Gauntlet | Found a transporter.
 23648 | Gauntlet | Found a transporter.
 23666 | Gauntlet | Found a transporter.
 23690 | Gauntlet | Found a transporter.
 23706 | Gauntlet | Found a transporter.
 23746 | Gauntlet | Found a transporter.
 23761 | Gauntlet | Found a transporter.
 23863 | Gauntlet | Found a transporter.
 23879 | Gauntlet | Found a transporter.
 23966 | Gauntlet | 23966 ||| INVOKING Berserk.
 24085 | Gauntlet | Identified the ring "Sehoad" {Drain +Blink rF+++ Will+
                  | Int+4}
 24089 | Gauntlet | 24089 ||| DROPPING ring of willpower.
 24090 | Gauntlet | 24090 ||| DROPPING ring of fire.
 24091 | Gauntlet | 24091 ||| UPGRADING to ring "Sehoad" {Drain +Blink rF+++
                  | Will+ Int+4}.
 24110 | Gauntlet | 24110 ||| Stepping randomly (stuck).
 24115 | Gauntlet | 24115 ||| INVOKING Berserk.
 24238 | Gauntlet | 24238 ||| UPGRADING to +2 pair of boots of rampaging.
 24267 | Gauntlet | 24267 ||| INVOKING Berserk.
 24397 | Gauntlet | Identified the +0 helmet "Lorphydgh" {Dex+2}
 24433 | Gauntlet | Identified the +6 falchion "Tyt Vobo" {flame, +Blink rC+
                  | Str+2}
 24434 | Gauntlet | 24434 ||| INVOKING Brothers in Arms.
 24436 | Gauntlet | 24436 ||| INVOKING Berserk.
 24644 | Gauntlet | 24644 ||| DROPPING +6 ring of dexterity.
 24645 | Gauntlet | 24645 ||| DROPPING ring of see invisible.
 24660 | D:12     | Noticed qw's ghost (journeyman MiBe)
 24661 | D:12     | 24661 ||| PLANNING D
 24692 | D:12     | Found a runed translucent gate.
 24694 | D:12     | Found a runed translucent gate.
 24699 | D:12     | Found an iron altar of Okawaru.
 24871 | D:12     | 24871 ||| Stepping ~*~*~tactically~*~*~ (stealth).
 24873 | D:12     | 24873 ||| Stepping ~*~*~tactically~*~*~ (stealth).
 24874 | D:12     | 24874 ||| Stepping ~*~*~tactically~*~*~ (stealth).
 24885 | D:12     | 24885 ||| Stepping ~*~*~tactically~*~*~ (hiding).
 25122 | D:12     | Found a radiant altar of Vehumet.
 25124 | D:12     | 25124 ||| INVOKING Brothers in Arms.
 25125 | D:12     | 25125 ||| INVOKING Brothers in Arms.
 25129 | D:12     | 25129 ||| INVOKING Berserk.
 25303 | D:12     | 25303 ||| READING scroll labelled NUTINK ECOFU.
 25443 | D:13     | Noticed Gonodgh's ghost (journeyman MiFi)
 25446 | D:13     | Found a transporter.
 25456 | D:13     | Found a transporter.
 25489 | D:13     | 25489 ||| INVOKING Berserk.
 25853 | D:13     | 25853 ||| Stepping ~*~*~tactically~*~*~ (hiding).
 25980 | D:13     | 25980 ||| INVOKING Berserk.
 26204 | D:13     | 26204 ||| FLEEEEING.
 26208 | D:13     | 26208 ||| FLEEEEING.
 26209 | D:13     | 26209 ||| FLEEEEING.
 26210 | D:13     | 26210 ||| FLEEEEING.
 26215 | D:13     | 26215 ||| FLEEEEING.
 26216 | D:13     | 26216 ||| FLEEEEING.
 26217 | D:13     | 26217 ||| FLEEEEING.
 26218 | D:13     | 26218 ||| FLEEEEING.
 26219 | D:13     | 26219 ||| FLEEEEING.
 26220 | D:13     | 26220 ||| FLEEEEING.
 26221 | D:13     | 26221 ||| FLEEEEING.
 26222 | D:13     | 26222 ||| FLEEEEING.
 26223 | D:13     | 26223 ||| FLEEEEING.
 26224 | D:13     | 26224 ||| FLEEEEING.
 26225 | D:13     | 26225 ||| FLEEEEING.
 26226 | D:13     | 26226 ||| FLEEEEING.
 26227 | D:13     | 26227 ||| FLEEEEING.
 26228 | D:13     | 26228 ||| FLEEEEING.
 26233 | D:13     | 26233 ||| Stepping ~*~*~tactically~*~*~ (hiding).
 26235 | D:13     | 26235 ||| Stepping ~*~*~tactically~*~*~ (hiding).
 26238 | D:13     | Reached skill level 6 in Throwing
 26363 | D:13     | 26363 ||| Stepping ~*~*~tactically~*~*~ (stealth).
 26451 | D:13     | Found a gate to the Vaults.
 26451 | D:13     | Noticed an ironbound preserver
 26470 | D:13     | 26470 ||| INVOKING Berserk.
 26475 | D:13     | Killed an ironbound preserver
 26476 | D:13     | Reached XP level 15. HP: 117/144 MP: 14/14
 26755 | D:13     | Identified the +7 trident of Cieskur {flame, rPois rN+
                  | Str-4 Int+8}
 27053 | D:14     | 27053 ||| SWAPPING to +12 flail of the Wasp {drain, Fly rN+
                  | Str+2}.
 27055 | D:14     | 27055 ||| INVOKING Berserk.
 27061 | D:14     | 27061 ||| SWAPPING to +3 hand axe of Doom {vamp, rPois
                  | rN+}.
 27276 | D:14     | Found a stormy altar of Qazlal.
 27408 | D:14     | 27408 ||| Stepping ~*~*~tactically~*~*~ (stealth).
 27556 | D:14     | 27556 ||| INVOKING Berserk.
 27615 | D:14     | 27615 ||| Stepping ~*~*~tactically~*~*~ (hiding).
 27616 | D:14     | 27616 ||| Stepping ~*~*~tactically~*~*~ (hiding).
 27628 | D:14     | 27628 ||| Stepping ~*~*~tactically~*~*~ (hiding).
 27629 | D:14     | 27629 ||| Stepping ~*~*~tactically~*~*~ (hiding).
 27650 | D:14     | 27650 ||| Stepping ~*~*~tactically~*~*~ (hiding).
 27665 | D:14     | 27665 ||| Stepping ~*~*~tactically~*~*~ (hiding).
 27669 | D:14     | 27669 ||| INVOKING Trog's Hand.
 27670 | D:14     | 27670 ||| INVOKING Berserk.
 27718 | D:14     | Noticed a tengu reaver
 27719 | D:14     | 27719 ||| Stepping ~*~*~tactically~*~*~ (stealth).
 27731 | D:14     | Noticed a fire giant
 27732 | D:14     | 27732 ||| Stepping ~*~*~tactically~*~*~ (stealth).
 27733 | D:14     | 27733 ||| Stepping ~*~*~tactically~*~*~ (stealth).
 27747 | D:14     | Killed a fire giant
 27748 | D:14     | Reached skill level 9 in Throwing
 27755 | D:14     | 27755 ||| INVOKING Berserk.
 27759 | D:14     | Reached skill level 15 in Armour
 27799 | D:14     | 27799 ||| FLEEEEING.
 27800 | D:14     | 27800 ||| FLEEEEING.
 27801 | D:14     | 27801 ||| FLEEEEING.
 27802 | D:14     | 27802 ||| FLEEEEING.
 27803 | D:14     | 27803 ||| Stepping ~*~*~tactically~*~*~ (hiding).
 27808 | D:14     | 27808 ||| INVOKING Berserk.
 27827 | D:14     | Killed a tengu reaver
 27908 | D:14     | Noticed a sphinx
 27909 | D:14     | 27909 ||| Stepping ~*~*~tactically~*~*~ (stealth).
 27911 | D:14     | 27911 ||| INVOKING Trog's Hand.
 27918 | D:14     | Killed a sphinx
 27930 | D:14     | Noticed a tengu reaver
 27931 | D:14     | 27931 ||| Stepping ~*~*~tactically~*~*~ (stealth).
 27932 | D:14     | 27932 ||| Stepping ~*~*~tactically~*~*~ (stealth).
 27934 | D:14     | 27934 ||| INVOKING Berserk.
 27949 | D:14     | Killed a tengu reaver
 27977 | D:14     | 27977 ||| FLEEEEING.
 27990 | D:14     | 27990 ||| Stepping ~*~*~tactically~*~*~ (hiding).
 28047 | D:14     | 28047 ||| Stepping ~*~*~tactically~*~*~ (hiding).
 28053 | D:14     | 28053 ||| INVOKING Berserk.
 28239 | D:14     | 28239 ||| DROPPING +2 vorpal broad axe.
 28615 | D:14     | Reached skill level 17 in Fighting
 28634 | D:14     | 28634 ||| DROPPING ring of magical power.
 28666 | D:15     | Entered Level 15 of the Dungeon
 28686 | D:15     | 28686 ||| INVOKING Trog's Hand.
 28689 | D:15     | 28689 ||| INVOKING Berserk.
 28896 | D:15     | 28896 ||| Stepping ~*~*~tactically~*~*~ (stealth).
 28943 | D:15     | 28943 ||| Stepping ~*~*~tactically~*~*~ (stealth).
 29015 | D:15     | 29015 ||| Stepping ~*~*~tactically~*~*~ (hiding).
 29021 | D:15     | Found a snail-covered altar of Cheibriados.
 29035 | D:15     | 29035 ||| Stepping ~*~*~tactically~*~*~ (hiding).
 29145 | D:15     | Found a broken altar of Ashenzari.
 29195 | D:15     | 29195 ||| SWAPPING to +12 flail of the Wasp {drain, Fly rN+
                  | Str+2}.
 29196 | D:15     | 29196 ||| INVOKING Berserk.
 29211 | D:15     | 29211 ||| SWAPPING to +3 hand axe of Doom {vamp, rPois
                  | rN+}.
 29322 | D:15     | 29322 ||| Stepping ~*~*~tactically~*~*~ (stealth).
 29327 | D:15     | 29327 ||| INVOKING Berserk.
 29481 | D:15     | 29481 ||| Stepping ~*~*~tactically~*~*~ (water).
 29536 | D:15     | 29536 ||| INVOKING Berserk.
 29744 | D:15     | 29744 ||| Stepping ~*~*~tactically~*~*~ (hiding).
 29745 | D:15     | 29745 ||| Stepping ~*~*~tactically~*~*~ (hiding).
 29751 | D:15     | 29751 ||| INVOKING Trog's Hand.
 29787 | D:15     | Found a staircase to the Depths.
 29962 | D:15     | 29962 ||| FLEEEEING.
 29963 | D:15     | 29963 ||| FLEEEEING.
 30100 | D:15     | 30100 ||| PLANNING ORC
 30257 | Orc:1    | Entered Level 1 of the Orcish Mines
 30257 | Orc:1    | Found a burning altar of Makhleb.
 30297 | Orc:1    | 30297 ||| INVOKING Trog's Hand.
 30300 | Orc:1    | 30300 ||| INVOKING Berserk.
 30418 | Orc:1    | Found the ring of Shadows {Umbra +Inv Stlth+}
 30421 | Orc:1    | 30421 ||| INVOKING Trog's Hand.
 30422 | Orc:1    | Noticed qw's ghost (journeyman MiBe)
 30424 | Orc:1    | 30424 ||| INVOKING Berserk.
 30533 | Orc:1    | Found a runed translucent gate.
 30534 | Orc:1    | Found a runed translucent gate.
 30543 | Orc:1    | Found a runed translucent gate.
 30818 | Orc:2    | Entered Level 2 of the Orcish Mines
 30820 | Orc:2    | 30820 ||| Stepping ~*~*~tactically~*~*~ (hiding).
 30860 | Orc:2    | 30860 ||| Stepping ~*~*~tactically~*~*~ (hiding).
 30864 | Orc:2    | 30864 ||| Stepping ~*~*~tactically~*~*~ (stealth).
 30867 | Orc:2    | 30867 ||| Stepping ~*~*~tactically~*~*~ (hiding).
 30884 | Orc:2    | 30884 ||| Stepping ~*~*~tactically~*~*~ (stealth).
 30891 | Orc:2    | 30891 ||| Stepping ~*~*~tactically~*~*~ (hiding).
 30894 | Orc:2    | 30894 ||| Stepping ~*~*~tactically~*~*~ (hiding).
 30971 | Orc:2    | 30971 ||| Stepping ~*~*~tactically~*~*~ (stealth).
 30977 | Orc:2    | 30977 ||| Stepping ~*~*~tactically~*~*~ (stealth).
 30980 | Orc:2    | 30980 ||| Stepping ~*~*~tactically~*~*~ (stealth).
 30981 | Orc:2    | 30981 ||| Stepping ~*~*~tactically~*~*~ (stealth).
 31001 | Orc:2    | 31001 ||| INVOKING Trog's Hand.
 31004 | Orc:2    | 31004 ||| INVOKING Berserk.
 31062 | Orc:2    | HP: 32/147 [orc/+0 trident (5)]
 31063 | Orc:2    | 31063 ||| READING 13 scrolls of teleportation.
 31063 | Orc:2    | HP: 15/147 [orc warrior/+0 flail[an orc knight] (13)]
 31063 | Orc:2    | Mangled by a cyclops

Levels and vault maps discovered:
D:1:      minmay_arrival_split_and_join, layout_loops_ring,
          ebering_ecumenical_altar_box, minmay_ruptured
D:2:      layout_basic
D:3:      layout_basic, mainiacjoe_overflow_surrounded_room,
          kennysheep_generic_room_9, uniq_crazy_yiuf_cottage, uniq_sigmund,
          uniq_natasha
D:4:      layout_basic, corexii_hall_statues_l, grunt_tough_drop
D:5:      layout_loops_corners, nemelex_spade_bored_becter,
          biasface_ghost_orc_armoury, nicolae_ossuary_entry_plus
D:6:      layout_basic, mainiacjoe_overflow_alcove_2
D:7:      corexii_shantytown, layout_cave_pools,
          nicolae_yredelemnul_corpse_copse, gammafunk_temple_overflow_statue,
          minmay_temple_entry_from_below_b
D:8:      layout_loops_ring, trog_antimagical, grunt_ministairs_6, st_stairs_8
D:9:      layout_rooms, nicolae_two_hexagons, minmay_misc_feat_ornament,
          uniq_maggie
D:10:     layout_long_grid, fedhas_altar_1, nicolae_kikubaaqudgha_miasma_corner,
          mainiacjoe_overflow_small_starburst
D:11:     layout_loops_ring, dpeg_oklobed_lair, hiddenorc1_lemuel, hex_medium,
          nicolae_specific_store
D:12:     hellmonk_crumbling_castle, layout_irregular_city,
          gauntlet_entry_generic, gammafunk_ghost_fury_of_okawaru,
          vehumet_statue, uniq_josephine
D:13:     layout_basic, skrybe_vaults_entry_preservation,
          gammafunk_ghost_stat_death, onia_ninara_dug_in_and_dangerous
D:14:     minmay_tearing_corner, layout_cave_pods,
          nicolae_qazlal_eye_of_the_storm
D:15:     grunt_enter_depths_magical_seal, layout_basic,
          cheibrodos_ashenzari_chains, cheibriados_altar_1
Lair:1:   layout_hall_layers, gammafunk_ghost_grave
Lair:2:   layout_layer_cave, elwin_shoals_entry_rocks, serial_bayou_shore_a,
          grunt_megastairs_4, lemuel_fruit_fields
Lair:3:   layout_roguey, minmay_snake_entry_spellcaster, uniq_sonja, uniq_snorg,
          uniq_nergalle, uniq_rupert
Lair:4:   nzn_winding_woodlands_three_and_one
          [nzn_winding_woodlands_5x15_river_crossing,
          nzn_winding_woodlands_5x15_pathside_ponds,
          nzn_winding_woodlands_5x15_pool,
          nzn_winding_woodlands_center_pierced_h], layout_regular_city
Lair:5:   evilmike_catoblepas_cave, layout_loops_ring,
          minmay_slime_entry_pillars, ebering_ghost_reflecting_pool,
          grunt_forest_large_clearings
Orc:1:    layout_diamond_mine, gammafunk_ghost_split, basic_altar
Orc:2:    st_orc_open, layout_caves

Skill      XL: |  1  2  3  4  5  6  7  8  9 10 11 12 13 14 15 |
---------------+----------------------------------------------+-----
Axes           | 4 5 6 7 8 10 12 14 16 | 16.0
Fighting       | 5 6 7 8 10 12 14 16 17 | 17.6
Armour         | 3 5 6 7 8 10 12 14 16 | 16.0
Throwing       | 3 4 5 7 9 |  9.0
Shields        | 9 11 13 14 15 16 | 16.0
Dodging        | 3 4 6 7 |  7.0

Action                   |  1- 3 |  4- 6 |  7- 9 | 10-12 | 13-15 || total
-------------------------+-------+-------+-------+-------+-------++-------
Melee: Hand axe          |    98 |    76 |   297 |       |  1251 ||  1722
       Headbutt          |    11 |    13 |    80 |    85 |   343 ||   532
       Punch             |       |     1 |     4 |       |       ||     5
       War axe           |       |       |   166 |   349 |    28 ||   543
       Flail             |       |       |       |     4 |    11 ||    15
Throw: Javelin           |       |       |    15 |    33 |    48 ||    96
       Boomerang         |       |       |       |    51 |   131 ||   182
Invok: Berserk           |     1 |     6 |     7 |    20 |    41 ||    75
       Brothers in Arms  |       |       |       |     3 |     6 ||     9
       Trog's Hand       |       |       |       |     1 |     7 ||     8
  Use: Scroll            |     5 |     6 |     5 |     6 |     4 ||    26
       Potion            |       |       |     4 |     4 |     1 ||     9
 Stab: Confused          |       |       |       |     1 |       ||     1
Armor: Animal skin       |     8 |       |       |       |       ||     8
       Ring mail         |    13 |    18 |     9 |       |       ||    40
       Chain mail        |       |       |    56 |       |       ||    56
       Plate armour      |       |       |    82 |   111 |   450 ||   643
Dodge: Dodged            |    62 |    29 |    88 |    43 |   254 ||   476
Block: Kite shield       |       |       |       |   195 |   823 ||  1018
       Reflection        |       |       |       |     8 |    18 ||    26

Table legend:
 A = Non-vault XP
 B = Vault XP
 C = Vault XP percentage of total XP
 D = Non-vault monster count
 E = Vault monster count
 F = Vault count percentage of total count
                 A         B        C        D         E       F
            +---------+---------+-------+---------+---------+-------
      Total |   83681 |   68981 |  45.2 |     447 |     270 |  37.7
            +---------+---------+-------+---------+---------+-------
        D:1 |      44 |      10 |  18.5 |      27 |       5 |  15.6
        D:2 |      37 |       0 |   0.0 |      12 |       0 |   0.0
        D:3 |     212 |     265 |  55.6 |      19 |       3 |  13.6
        D:4 |     441 |     178 |  28.8 |      32 |       6 |  15.8
        D:5 |     306 |       0 |   0.0 |      15 |       0 |   0.0
        D:6 |    1105 |       0 |   0.0 |      29 |       0 |   0.0
        D:7 |     812 |     572 |  41.3 |      18 |      41 |  69.5
        D:8 |    1780 |     517 |  22.5 |      19 |       5 |  20.8
        D:9 |    2597 |     404 |  13.5 |      22 |       1 |   4.3
       D:10 |    2663 |       0 |   0.0 |      15 |       0 |   0.0
       D:11 |    4144 |     757 |  15.4 |      10 |      18 |  64.3
       D:12 |    5650 |    1961 |  25.8 |      18 |       7 |  28.0
       D:13 |    4070 |    5106 |  55.6 |       7 |       9 |  56.2
       D:14 |    4566 |   15659 |  77.4 |      13 |      21 |  61.8
       D:15 |   10960 |    5221 |  32.3 |      20 |      10 |  33.3
     Lair:1 |     976 |       0 |   0.0 |       4 |       0 |   0.0
     Lair:2 |    8339 |     754 |   8.3 |      28 |       4 |  12.5
     Lair:3 |    8580 |    4536 |  34.6 |      22 |       5 |  18.5
     Lair:4 |    8368 |    5059 |  37.7 |      28 |      18 |  39.1
     Lair:5 |   15138 |   13846 |  47.8 |      62 |      47 |  43.1
      Orc:1 |    1141 |       0 |   0.0 |       2 |       0 |   0.0
      Orc:2 |    1752 |    9241 |  84.1 |      25 |      26 |  51.0
    Ossuary |       0 |     240 | 100.0 |       0 |      32 | 100.0
   Gauntlet |       0 |    4655 | 100.0 |       0 |      12 | 100.0
            +---------+---------+-------+---------+---------+-------
